Bruins vs Canadiens

Created - 6 mai 2019 at 21:49

Goals
1 2 3 OT1 T
Bruins 1 1 1 0 3
Canadiens 2 0 1 1 4
Shots
1 2 3 OT1 T
Bruins 14 11 5 0 30
Canadiens 13 7 14 1 35

1st period

1. Bruins , Jake Debrusk 1 (Nino Niederreiter 1) at 0:40
2. Canadiens , Marcus Johansson 2 (Jordan Eberle 3, Nate Schmidt 1) at 2:44
3. Canadiens , Jakob Silfverberg 2 (Ivan Provorov 5, John Tavares 4) at 6:40 (PP)

Penalties :
Victor Hedman (BOS) for Slashing (Minor) at 5:56

2nd period

4. Bruins , Nick Schmaltz 2 (Jamie Benn 3) at 8:52

Penalties :
Josh Morrissey (MTL) for High sticking (Minor) at 16:03

3rd period

5. Canadiens , Zack Smith 2 (Justin Abdelkader 2) at 5:38
6. Bruins , Ryan Spooner 1 (Noah Hanifin 1, Tomas Plekanec 1) at 12:55

Penalties :
Noah Hanifin (BOS) for Slashing (Minor) at 3:32, Justin Abdelkader (MTL) for Fighting (Major) at 5:53, Jamie Benn (BOS) for Fighting (Major) at 5:53

Overtime #1

7. Canadiens , John Tavares 1 (Teuvo Teravainen 2, Jakob Silfverberg 2) at 0:32

Penalties :
No Penalty

Goalie Stats

Sergei Bobrovsky (BOS), 31 saves from 35 shots - (0.886), OTL, 0-0-1, 60:33 minutes
Tuukka Rask (MTL), 27 saves from 30 shots - (0.900), W, 4-1-0, 60:33 minutes

Players Stats for Bruins

Player Name              G  A  P  +/- PIM S  H  SB GA TA FO     MP     PP MP  PK MP  
------------------------------------------------------------------------------------
Brendan Gallagher        0  0  0   0  0   2  0  0  0  0  1/2    17:48   0:59   0:00 
Brock Boeser             0  0  0   0  0   5  0  0  0  0  0/3    20:12   0:48   0:00 
Jake Debrusk             1  0  1   1  0   3  0  0  0  0  1/3    13:48   1:11   0:00 
Jamie Benn               0  1  1   0  5   4  1  0  0  0  14/19  16:12   0:59   0:00 
Joel Eriksson Ek         0  0  0  -1  0   0  1  0  0  0  3/7     9:33   0:12   0:45 
Johan Larsson            0  0  0   1  0   1  2  0  0  0  6/14   12:05   0:00   1:03 
Jonas Brodin             0  0  0   2  0   0  1  3  0  0  0/0    18:39   0:00   1:31 
Kevin Fiala              0  0  0  -1  0   0  1  0  0  0  0/1     8:36   0:00   0:00 
Markus Granlund          0  0  0  -1  0   3  1  2  0  0  0/0    10:16   0:00   1:40 
Nick Schmaltz            1  0  1   0  0   1  1  1  0  0  0/0    17:37   0:48   0:00 
Nino Niederreiter        0  1  1   1  0   2  0  0  0  0  1/2    11:14   0:12   0:00 
Noah Hanifin             0  1  1   0  2   1  3  1  0  0  0/0    21:10   0:48   0:10 
P.K. Subban              0  0  0  -2  0   1  6  3  0  0  0/0    24:47   1:11   1:36 
Paul Postma              0  0  0   3  0   0  0  0  0  0  0/0    14:26   0:00   0:00 
Ryan Spooner             1  0  1   0  0   2  1  0  0  0  1/3    20:12   0:48   0:00 
Tomas Plekanec           0  1  1   0  0   2  1  0  0  0  16/32  21:22   0:00   1:58 
Torey Krug               0  0  0  -1  0   2  2  1  0  0  0/0    16:24   0:48   1:07 
Victor Hedman            0  0  0  -2  2   1  2  0  0  0  0/0    25:38   1:11   1:02 

Players Stats for Canadiens

Player Name              G  A  P  +/- PIM S  H  SB GA TA FO     MP     PP MP  PK MP  
------------------------------------------------------------------------------------
Artturi Lehkonen         0  0  0   0  0   1  0  0  0  0  0/0    12:30   0:00   0:00 
Auston Matthews          0  0  0   0  0   4  1  0  0  0  11/21  19:36   1:08   0:00 
Brian Gibbons            0  0  0   0  0   3  0  0  0  0  0/0     7:44   0:00   1:16 
Cam Fowler               0  0  0  -1  0   2  0  1  0  0  0/0    22:45   1:35   1:07 
Ivan Provorov            0  1  1   0  0   3  0  2  0  0  0/0    24:01   1:35   1:28 
Jakob Silfverberg        1  1  2   0  0   2  0  0  0  0  0/2    20:10   1:35   0:00 
John Tavares             1  1  2   0  0   3  1  0  0  0  13/24  20:47   1:35   0:00 
Jordan Eberle            0  1  1   0  0   5  1  0  0  0  0/3    19:26   1:08   0:00 
Josh Morrissey           0  0  0   2  2   1  2  3  0  0  0/0    20:01   0:00   0:00 
Justin Abdelkader        0  1  1   0  5   0  1  0  0  0  0/0    11:42   0:00   0:00 
Marcus Johansson         1  0  1   0  0   1  1  0  0  0  1/1    19:26   1:08   0:00 
Matt Calvert             0  0  0   0  0   0  2  0  0  0  1/1     7:11   0:00   0:43 
Michael Stone            0  0  0  -1  0   0  1  0  0  0  0/0    15:46   0:00   0:00 
Nate Schmidt             0  1  1  -1  0   0  0  0  0  0  0/0    16:54   1:08   0:00 
Nick Shore               0  0  0   0  0   1  1  0  0  0  7/15    7:44   0:00   1:16 
Ron Hainsey              0  0  0   1  0   1  0  0  0  0  0/0    21:38   1:08   1:23 
Teuvo Teravainen         0  1  1   0  0   5  0  0  0  0  0/0    20:10   1:35   0:00 
Zack Smith               1  0  1   0  0   3  0  0  0  0  10/19  13:13   0:00   0:43 

3 Stars

1 - John Tavares (MTL)
2 - Jakob Silfverberg (MTL)
3 - Marcus Johansson (MTL)

Power Play

Bruins - 0 on 1 Attempt(s) - 0.00%
Canadiens - 1 on 2 Attempt(s) - 50.00%

Penalty Kill

Bruins - 1 on 2 Attempt(s) - 50.00% - Score 0 goal in Penalty Kill
Canadiens - 1 on 1 Attempt(s) - 100.00% - Score 0 goal in Penalty Kill

Team Stat

Bruins - Hits : 23 - Faceoff Wins : 43 - Blocked Shots : 11 - Penalty Minutes : 9
Canadiens - Hits : 11 - Faceoff Wins : 43 - Blocked Shots : 6 - Penalty Minutes : 7

Official

Referees : Evgeny Romasko and Kyle Rehman
Linesman : Pierre Racicot and Vaughan Rody

Game Notes

Justin Abdelkader and Jamie Benn fight to a draw at 5:53 of 3rd period
Torey Krug is injured at 6:32 of 3rd period (Sprained Left Knee)

Finance

Level 1 -- Attendance: 6500 (100.00%) -- Ticket Income 715 000 $
Level 2 -- Attendance: 5000 (100.00%) -- Ticket Income 375 000 $
Level 3 -- Attendance: 3198 (91.37%) -- Ticket Income 175 890 $
Level 4 -- Attendance: 3128 (59.16%) -- Ticket Income 93 840 $
Luxury Box -- Attendance: 1000 (100.00%) -- Ticket Income 199 000 $
Game was played at the Bell Centre.
Total Attendance: 18826 (88.44%)
Total Ticket Income: 1 558 730 $
Other Income: 763 778 $
Total Income: 2 322 508 $

% Time on Ice - Bruins

Lines # - Real PCT - Wanted PCT - Time Play
Normal Forward
1 - 35% - 40% - 19:24
2 - 30% - 30% - 16:49
3 - 20% - 20% - 11:02
4 - 15% - 10% - 8:36
Normal Defense
1 - 36% - 40% - 19:55
2 - 36% - 30% - 20:13
3 - 25% - 20% - 13:42
4 - 4% - 10% - 2:01
PP Forward
1 - 60% - 60% - 1:11
2 - 40% - 40% - 0:48
PP Defense
1 - 60% - 60% - 1:11
2 - 40% - 40% - 0:48
PK Forward
1 - 81% - 60% - 2:12
2 - 19% - 40% - 0:31
PK Defense
1 - 59% - 60% - 1:36
2 - 41% - 40% - 1:07
PK3 Forward
1 - 0% - 60%
2 - 0% - 40%
PK3 Defense
1 - 0% - 60%
2 - 0% - 40%
44 Forward
1 - 0% - 60%
2 - 0% - 40%
44 Defense
1 - 0% - 60%
2 - 0% - 40%
Last Minute Offensive  - 0:00
Last Minute Defensive  - 0:00
Total
Forward - 60:33
Defense - 60:33

% Time on Ice - Canadiens

Lines # - Real PCT - Wanted PCT - Time Play
Normal Forward
1 - 33% - 35% - 18:18
2 - 33% - 35% - 18:35
3 - 22% - 20% - 12:30
4 - 12% - 10% - 6:28
Normal Defense
1 - 36% - 35% - 20:03
2 - 34% - 35% - 19:07
3 - 28% - 25% - 15:46
4 - 2% - 5% - 0:55
PP Forward
1 - 42% - 50% - 1:08
2 - 58% - 50% - 1:35
PP Defense
1 - 58% - 50% - 1:35
2 - 42% - 50% - 1:08
PK Forward
1 - 64% - 55% - 1:16
2 - 36% - 45% - 0:43
PK Defense
1 - 30% - 55% - 0:36
2 - 70% - 45% - 1:23
PK3 Forward
1 - 0% - 60%
2 - 0% - 40%
PK3 Defense
1 - 0% - 55%
2 - 0% - 45%
44 Forward
1 - 0% - 50%
2 - 0% - 50%
44 Defense
1 - 0% - 50%
2 - 0% - 50%
Last Minute Offensive  - 0:00
Last Minute Defensive  - 0:00
Total
Forward - 60:33
Defense - 60:33

Play-by-Play

1st period


0:01 of 1st period - Tomas Plekanec wins face-off versus Auston Matthews in neutral zone.
0:24 of 1st period - Shot by Victor Hedman.
0:24 of 1st period - Deflect By Ryan Spooner.
0:24 of 1st period - Stopped by Tuukka Rask without a rebound.
0:25 of 1st period - Jamie Benn wins face-off versus John Tavares in Canadiens zone.
0:32 of 1st period - Shot by Brendan Gallagher.
0:32 of 1st period - Stopped by Tuukka Rask without a rebound.
0:33 of 1st period - Jake Debrusk wins face-off versus Zack Smith in Canadiens zone.
0:34 of 1st period - Shot by Nino Niederreiter.
0:34 of 1st period - Deflect By Jake Debrusk.
0:34 of 1st period - Shot Misses the Net.
0:40 of 1st period - Shot by Jake Debrusk.
0:40 of 1st period - Goal by Jake Debrusk - Bruins : 1 - Canadiens : 0.
0:41 of 1st period - Jamie Benn wins face-off versus John Tavares in neutral zone.
1:13 of 1st period - Shot by Jakob Silfverberg.
1:13 of 1st period - Shot Misses the Net.
1:21 of 1st period - Shot by Jakob Silfverberg.
1:21 of 1st period - Shot Blocked by Noah Hanifin.
1:23 of 1st period - Shot by Josh Morrissey.
1:23 of 1st period - Stopped by Sergei Bobrovsky without a rebound.
1:24 of 1st period - Zack Smith wins face-off versus Johan Larsson in Bruins zone.
1:43 of 1st period - Shot by Johan Larsson.
1:43 of 1st period - Stopped by Tuukka Rask without a rebound.
1:44 of 1st period - Tomas Plekanec wins face-off versus Auston Matthews in Canadiens zone.
1:51 of 1st period - Shot by Tomas Plekanec.
1:51 of 1st period - Stopped by Tuukka Rask without a rebound.
1:52 of 1st period - Nick Shore wins face-off versus Joel Eriksson Ek in Canadiens zone.
1:52 of 1st period - Nick Shore is hit by Markus Granlund.
2:00 of 1st period - Shot by Matt Calvert.
2:00 of 1st period - Shot Blocked by P.K. Subban.
2:02 of 1st period - Shot by Brian Gibbons.
2:02 of 1st period - Shot Misses the Net.
2:25 of 1st period - Brian Gibbons is hit by P.K. Subban and loses puck.
2:42 of 1st period - Shot by Jordan Eberle.
2:42 of 1st period - Stopped by Sergei Bobrovsky with a rebound.
2:44 of 1st period - Shot by Marcus Johansson.
2:44 of 1st period - Goal by Marcus Johansson - Bruins : 1 - Canadiens : 1.
2:45 of 1st period - Auston Matthews wins face-off versus Tomas Plekanec in neutral zone.
3:02 of 1st period - Shot by Jordan Eberle.
3:02 of 1st period - Stopped by Sergei Bobrovsky without a rebound.
3:03 of 1st period - Johan Larsson wins face-off versus John Tavares in Bruins zone.
3:07 of 1st period - Icing by Noah Hanifin.
3:08 of 1st period - John Tavares wins face-off versus Johan Larsson in Bruins zone.
3:09 of 1st period - Shot by Josh Morrissey.
3:09 of 1st period - Shot Misses the Net.
3:29 of 1st period - Shot by Jakob Silfverberg.
3:29 of 1st period - Shot Misses the Net.
4:45 of 1st period - Shot by Brock Boeser.
4:45 of 1st period - Shot Misses the Net.
5:13 of 1st period - Shot by Zack Smith.
5:13 of 1st period - Stopped by Sergei Bobrovsky without a rebound.
5:14 of 1st period - Joel Eriksson Ek wins face-off versus Nick Shore in Bruins zone.
5:14 of 1st period - Torey Krug is hit by Nick Shore and loses puck.
5:45 of 1st period - Shot by Markus Granlund.
5:45 of 1st period - Stopped by Tuukka Rask without a rebound.
5:46 of 1st period - Jamie Benn wins face-off versus Zack Smith in Canadiens zone.
5:56 of 1st period - Minor Penalty to Victor Hedman for Slashing.
5:57 of 1st period - Tomas Plekanec wins face-off versus John Tavares in Bruins zone.
6:10 of 1st period - Shot by Cam Fowler.
6:10 of 1st period - Shot Blocked by P.K. Subban.
6:12 of 1st period - Shot by Ivan Provorov.
6:12 of 1st period - Shot Misses the Net.
6:14 of 1st period - Shot by Ivan Provorov.
6:14 of 1st period - Shot Misses the Net.
6:38 of 1st period - Shot by Ivan Provorov.
6:38 of 1st period - Stopped by Sergei Bobrovsky with a rebound.
6:40 of 1st period - Shot by Jakob Silfverberg.
6:40 of 1st period - Goal by Jakob Silfverberg - Bruins : 1 - Canadiens : 2.
6:41 of 1st period - Zack Smith wins face-off versus Jamie Benn in neutral zone.
6:52 of 1st period - Artturi Lehkonen is hit by Jamie Benn.
7:02 of 1st period - Shot by P.K. Subban.
7:02 of 1st period - Stopped by Tuukka Rask without a rebound.
7:03 of 1st period - Johan Larsson wins face-off versus Jordan Eberle in Canadiens zone.
7:21 of 1st period - Shot by Nino Niederreiter.
7:21 of 1st period - Shot Misses the Net.
7:37 of 1st period - Shot by Jordan Eberle.
7:37 of 1st period - Stopped by Sergei Bobrovsky without a rebound.
7:38 of 1st period - Tomas Plekanec wins face-off versus John Tavares in Bruins zone.
8:11 of 1st period - Shot by Tomas Plekanec.
8:11 of 1st period - Shot Misses the Net.
8:13 of 1st period - Shot by Brock Boeser.
8:13 of 1st period - Stopped by Tuukka Rask without a rebound.
8:14 of 1st period - Jamie Benn wins face-off versus Zack Smith in Canadiens zone.
8:45 of 1st period - Shot by Nick Schmaltz.
8:45 of 1st period - Shot Misses the Net.
8:51 of 1st period - Shot by Brendan Gallagher.
8:51 of 1st period - Stopped by Tuukka Rask with a rebound.
8:53 of 1st period - Shot by Torey Krug.
8:53 of 1st period - Stopped by Tuukka Rask with a rebound.
8:55 of 1st period - Shot by Torey Krug.
8:55 of 1st period - Shot Misses the Net.
9:04 of 1st period - Off-side.
9:05 of 1st period - John Tavares wins face-off versus Tomas Plekanec in neutral zone.
9:16 of 1st period - Shot by Brock Boeser.
9:16 of 1st period - Shot Misses the Net.
9:18 of 1st period - Shot by P.K. Subban.
9:18 of 1st period - Shot Misses the Net.
9:42 of 1st period - Shot by Tomas Plekanec.
9:42 of 1st period - Stopped by Tuukka Rask without a rebound.
9:43 of 1st period - Johan Larsson wins face-off versus Auston Matthews in Canadiens zone.
10:08 of 1st period - Shot by Johan Larsson.
10:08 of 1st period - Deflect By Jake Debrusk.
10:08 of 1st period - Stopped by Tuukka Rask without a rebound.
10:09 of 1st period - Jamie Benn wins face-off versus Zack Smith in Canadiens zone.
11:01 of 1st period - Icing by Jamie Benn.
11:02 of 1st period - John Tavares wins face-off versus Jamie Benn in Bruins zone.
11:05 of 1st period - Shot by Ivan Provorov.
11:05 of 1st period - Shot Blocked by Nick Schmaltz.
11:47 of 1st period - Shot by Ryan Spooner.
11:47 of 1st period - Shot Misses the Net.
11:49 of 1st period - Shot by P.K. Subban.
11:49 of 1st period - Shot Misses the Net.
11:58 of 1st period - Ivan Provorov is hit by Victor Hedman and loses puck.
12:25 of 1st period - Shot by Auston Matthews.
12:25 of 1st period - Stopped by Sergei Bobrovsky with a rebound.
12:33 of 1st period - Icing by Nate Schmidt.
12:34 of 1st period - Joel Eriksson Ek wins face-off versus Jordan Eberle in Canadiens zone.
12:48 of 1st period - Shot by Auston Matthews.
12:48 of 1st period - Shot Blocked by Torey Krug.
13:31 of 1st period - Jamie Benn is hit by Matt Calvert.
13:51 of 1st period - Shot by Matt Calvert.
13:51 of 1st period - Deflect By Brian Gibbons.
13:51 of 1st period - Stopped by Sergei Bobrovsky without a rebound.
13:52 of 1st period - Zack Smith wins face-off versus Tomas Plekanec in Bruins zone.
13:53 of 1st period - Shot by Ivan Provorov.
13:53 of 1st period - Stopped by Sergei Bobrovsky without a rebound.
13:54 of 1st period - Tomas Plekanec wins face-off versus Zack Smith in Bruins zone.
14:01 of 1st period - Shot by Brock Boeser.
14:01 of 1st period - Shot Misses the Net.
14:31 of 1st period - Shot by Ivan Provorov.
14:31 of 1st period - Shot Misses the Net.
14:33 of 1st period - Shot by Artturi Lehkonen.
14:33 of 1st period - Shot Misses the Net.
14:35 of 1st period - Shot by Zack Smith.
14:35 of 1st period - Shot Misses the Net.
15:16 of 1st period - Shot by Teuvo Teravainen.
15:16 of 1st period - Stopped by Sergei Bobrovsky with a rebound.
15:41 of 1st period - Auston Matthews is hit by Torey Krug and loses puck.
16:01 of 1st period - Off-side.
16:02 of 1st period - Nick Shore wins face-off versus Kevin Fiala in neutral zone.
16:07 of 1st period - Shot by Brian Gibbons.
16:07 of 1st period - Shot Blocked by Jonas Brodin.
16:27 of 1st period - Shot by Markus Granlund.
16:27 of 1st period - Stopped by Tuukka Rask without a rebound.
16:28 of 1st period - Auston Matthews wins face-off versus Tomas Plekanec in Canadiens zone.
17:02 of 1st period - Nate Schmidt is hit by Tomas Plekanec and loses puck.
17:40 of 1st period - Johan Larsson is hit by Josh Morrissey and loses puck.
17:44 of 1st period - Johan Larsson is hit by Josh Morrissey.
18:36 of 1st period - Shot by Nick Schmaltz.
18:36 of 1st period - Deflect By Jamie Benn.
18:36 of 1st period - Stopped by Tuukka Rask without a rebound.
18:37 of 1st period - Zack Smith wins face-off versus Joel Eriksson Ek in Canadiens zone.
18:44 of 1st period - Artturi Lehkonen is hit by P.K. Subban and loses puck.
19:14 of 1st period - Shot by Cam Fowler.
19:14 of 1st period - Stopped by Sergei Bobrovsky without a rebound.
19:15 of 1st period - Tomas Plekanec wins face-off versus Nick Shore in Bruins zone.
19:15 of 1st period - Jonas Brodin is hit by Matt Calvert and loses puck.
19:24 of 1st period - Shot by Nick Shore.
19:24 of 1st period - Shot Blocked by Jonas Brodin.
19:26 of 1st period - Shot by Nick Shore.
19:26 of 1st period - Deflect By Matt Calvert.
19:26 of 1st period - Shot Misses the Net.
19:28 of 1st period - Shot by Nick Shore.
19:28 of 1st period - Shot Misses the Net.
Goals for this period are 1 for Bruins vs 2 for Canadiens.
Shots for this period are 14 for Bruins vs 13 for Canadiens.

2nd period


0:01 of 2nd period - Auston Matthews wins face-off versus Tomas Plekanec in neutral zone.
0:35 of 2nd period - Icing by Cam Fowler.
0:36 of 2nd period - Auston Matthews wins face-off versus Johan Larsson in Canadiens zone.
0:49 of 2nd period - Shot by Auston Matthews.
0:49 of 2nd period - Shot Misses the Net.
0:58 of 2nd period - Icing by Noah Hanifin.
0:59 of 2nd period - John Tavares wins face-off versus Johan Larsson in Bruins zone.
1:01 of 2nd period - Jakob Silfverberg is hit by Noah Hanifin and loses puck.
1:18 of 2nd period - Shot by Nino Niederreiter.
1:18 of 2nd period - Shot Misses the Net.
1:34 of 2nd period - Shot by Tomas Plekanec.
1:34 of 2nd period - Shot Misses the Net.
1:36 of 2nd period - Shot by Brock Boeser.
1:36 of 2nd period - Shot Misses the Net.
1:38 of 2nd period - Shot by Tomas Plekanec.
1:38 of 2nd period - Shot Misses the Net.
2:28 of 2nd period - Shot by Jamie Benn.
2:28 of 2nd period - Stopped by Tuukka Rask without a rebound.
2:29 of 2nd period - Auston Matthews wins face-off versus Joel Eriksson Ek in Canadiens zone.
2:29 of 2nd period - Auston Matthews is hit by Joel Eriksson Ek.
4:25 of 2nd period - Shot by Nick Shore.
4:25 of 2nd period - Stopped by Sergei Bobrovsky without a rebound.
4:26 of 2nd period - Tomas Plekanec wins face-off versus Nick Shore in Bruins zone.
4:33 of 2nd period - Shot by Brock Boeser.
4:33 of 2nd period - Shot Blocked by Cam Fowler.
5:09 of 2nd period - Icing by Victor Hedman.
5:10 of 2nd period - Tomas Plekanec wins face-off versus John Tavares in Bruins zone.
5:10 of 2nd period - Victor Hedman is hit by John Tavares and loses puck.
5:58 of 2nd period - Jake Debrusk is hit by Michael Stone and loses puck.
6:35 of 2nd period - Shot by Joel Eriksson Ek.
6:35 of 2nd period - Shot Misses the Net.
6:37 of 2nd period - Shot by Markus Granlund.
6:37 of 2nd period - Shot Misses the Net.
7:38 of 2nd period - Shot by Marcus Johansson.
7:38 of 2nd period - Deflect By Jordan Eberle.
7:38 of 2nd period - Stopped by Sergei Bobrovsky without a rebound.
7:39 of 2nd period - Johan Larsson wins face-off versus Zack Smith in Bruins zone.
7:48 of 2nd period - Shot by Nino Niederreiter.
7:48 of 2nd period - Shot Misses the Net.
7:50 of 2nd period - Shot by Noah Hanifin.
7:50 of 2nd period - Shot Hit the Post.
8:11 of 2nd period - Shot by Jake Debrusk.
8:11 of 2nd period - Deflect By Nino Niederreiter.
8:11 of 2nd period - Stopped by Tuukka Rask without a rebound.
8:12 of 2nd period - Nick Shore wins face-off versus Tomas Plekanec in Canadiens zone.
8:50 of 2nd period - Shot by Brock Boeser.
8:50 of 2nd period - Stopped by Tuukka Rask without a rebound.
8:51 of 2nd period - Jamie Benn wins face-off versus Auston Matthews in Canadiens zone.
8:52 of 2nd period - Shot by Nick Schmaltz.
8:52 of 2nd period - Goal by Nick Schmaltz - Bruins : 2 - Canadiens : 2.
8:53 of 2nd period - Jamie Benn wins face-off versus Jordan Eberle in neutral zone.
9:18 of 2nd period - Shot by Jamie Benn.
9:18 of 2nd period - Stopped by Tuukka Rask with a rebound.
10:02 of 2nd period - Shot by Brock Boeser.
10:02 of 2nd period - Stopped by Tuukka Rask without a rebound.
10:03 of 2nd period - Johan Larsson wins face-off versus John Tavares in Canadiens zone.
10:18 of 2nd period - Jakob Silfverberg is hit by Johan Larsson and loses puck.
10:30 of 2nd period - Icing by Michael Stone.
10:31 of 2nd period - Tomas Plekanec wins face-off versus Jakob Silfverberg in Canadiens zone.
11:42 of 2nd period - Shot by Auston Matthews.
11:42 of 2nd period - Shot Blocked by P.K. Subban.
11:44 of 2nd period - Shot by Marcus Johansson.
11:44 of 2nd period - Shot Misses the Net.
11:46 of 2nd period - Shot by Ron Hainsey.
11:46 of 2nd period - Shot Misses the Net.
11:50 of 2nd period - Shot by Auston Matthews.
11:50 of 2nd period - Stopped by Sergei Bobrovsky without a rebound.
11:51 of 2nd period - Zack Smith wins face-off versus Jamie Benn in Bruins zone.
12:18 of 2nd period - Shot by Ivan Provorov.
12:18 of 2nd period - Stopped by Sergei Bobrovsky without a rebound.
12:19 of 2nd period - Auston Matthews wins face-off versus Johan Larsson in Bruins zone.
12:30 of 2nd period - Shot by Auston Matthews.
12:30 of 2nd period - Shot Misses the Net.
12:32 of 2nd period - Shot by Ron Hainsey.
12:32 of 2nd period - Stopped by Sergei Bobrovsky without a rebound.
12:33 of 2nd period - Nick Shore wins face-off versus Tomas Plekanec in Bruins zone.
12:33 of 2nd period - Nick Shore is hit by Noah Hanifin.
12:36 of 2nd period - Matt Calvert is hit by Noah Hanifin and loses puck.
12:49 of 2nd period - Shot by Brock Boeser.
12:49 of 2nd period - Stopped by Tuukka Rask without a rebound.
12:50 of 2nd period - Jamie Benn wins face-off versus Auston Matthews in Canadiens zone.
13:09 of 2nd period - Shot by Jamie Benn.
13:09 of 2nd period - Stopped by Tuukka Rask without a rebound.
13:10 of 2nd period - John Tavares wins face-off versus Tomas Plekanec in Canadiens zone.
13:35 of 2nd period - Icing by Brock Boeser.
13:36 of 2nd period - Tomas Plekanec wins face-off versus Auston Matthews in Bruins zone.
14:09 of 2nd period - Shot by Auston Matthews.
14:09 of 2nd period - Shot Misses the Net.
14:11 of 2nd period - Shot by Auston Matthews.
14:11 of 2nd period - Shot Misses the Net.
14:37 of 2nd period - Shot by John Tavares.
14:37 of 2nd period - Shot Misses the Net.
14:39 of 2nd period - Shot by Jakob Silfverberg.
14:39 of 2nd period - Stopped by Sergei Bobrovsky with a rebound.
14:45 of 2nd period - Shot by Jakob Silfverberg.
14:45 of 2nd period - Deflect By John Tavares.
14:45 of 2nd period - Shot Misses the Net.
14:55 of 2nd period - Shot by John Tavares.
14:55 of 2nd period - Stopped by Sergei Bobrovsky without a rebound.
14:56 of 2nd period - Zack Smith wins face-off versus Brendan Gallagher in Bruins zone.
15:34 of 2nd period - Shot by Jamie Benn.
15:34 of 2nd period - Shot Misses the Net.
16:03 of 2nd period - Minor Penalty to Josh Morrissey for High sticking.
16:04 of 2nd period - Brendan Gallagher wins face-off versus Nick Shore in Canadiens zone.
16:32 of 2nd period - Shot by P.K. Subban.
16:32 of 2nd period - Shot Misses the Net.
17:09 of 2nd period - Off-side.
17:10 of 2nd period - Ryan Spooner wins face-off versus Nick Shore in neutral zone.
17:21 of 2nd period - Shot by Torey Krug.
17:21 of 2nd period - Stopped by Tuukka Rask without a rebound.
17:22 of 2nd period - Zack Smith wins face-off versus Ryan Spooner in Canadiens zone.
17:22 of 2nd period - Zack Smith is hit by Ryan Spooner.
17:44 of 2nd period - Shot by Torey Krug.
17:44 of 2nd period - Shot Blocked by Ivan Provorov.
17:46 of 2nd period - Shot by Noah Hanifin.
17:46 of 2nd period - Stopped by Tuukka Rask without a rebound.
17:47 of 2nd period - Nino Niederreiter wins face-off versus Nick Shore in Canadiens zone.
17:56 of 2nd period - Shot by P.K. Subban.
17:56 of 2nd period - Shot Misses the Net.
17:58 of 2nd period - Shot by Victor Hedman.
17:58 of 2nd period - Stopped by Tuukka Rask without a rebound.
17:59 of 2nd period - Nick Shore wins face-off versus Brock Boeser in Canadiens zone.
18:30 of 2nd period - Michael Stone is hit by Kevin Fiala and loses puck.
19:56 of 2nd period - Shot by Justin Abdelkader.
19:56 of 2nd period - Shot Misses the Net.
Goals for this period are 1 for Bruins vs 0 for Canadiens.
Shots for this period are 11 for Bruins vs 7 for Canadiens.

3rd period


0:01 of 3rd period - Auston Matthews wins face-off versus Tomas Plekanec in neutral zone.
0:25 of 3rd period - Shot by Brock Boeser.
0:25 of 3rd period - Shot Blocked by Josh Morrissey.
0:27 of 3rd period - Shot by Tomas Plekanec.
0:27 of 3rd period - Shot Hit the Post.
1:25 of 3rd period - Shot by Ivan Provorov.
1:25 of 3rd period - Shot Misses the Net.
1:27 of 3rd period - Shot by Ivan Provorov.
1:27 of 3rd period - Shot Misses the Net.
1:32 of 3rd period - Shot by John Tavares.
1:32 of 3rd period - Deflect By Teuvo Teravainen.
1:32 of 3rd period - Stopped by Sergei Bobrovsky without a rebound.
1:33 of 3rd period - Zack Smith wins face-off versus Jamie Benn in Bruins zone.
2:24 of 3rd period - Shot by Kevin Fiala.
2:24 of 3rd period - Shot Misses the Net.
2:44 of 3rd period - Shot by John Tavares.
2:44 of 3rd period - Shot Blocked by Markus Granlund.
3:17 of 3rd period - Icing by Ivan Provorov.
3:18 of 3rd period - John Tavares wins face-off versus Nino Niederreiter in Canadiens zone.
3:18 of 3rd period - John Tavares is hit by Johan Larsson.
3:32 of 3rd period - Minor Penalty to Noah Hanifin for Slashing.
3:33 of 3rd period - Auston Matthews wins face-off versus Tomas Plekanec in Bruins zone.
3:45 of 3rd period - Jordan Eberle is hit by P.K. Subban and loses puck.
4:10 of 3rd period - Shot by Auston Matthews.
4:10 of 3rd period - Stopped by Sergei Bobrovsky without a rebound.
4:11 of 3rd period - John Tavares wins face-off versus Johan Larsson in Bruins zone.
4:17 of 3rd period - Jakob Silfverberg is hit by Torey Krug and loses puck.
4:20 of 3rd period - Shot by Jakob Silfverberg.
4:20 of 3rd period - Shot Misses the Net.
4:22 of 3rd period - Shot by Cam Fowler.
4:22 of 3rd period - Shot Blocked by Jonas Brodin.
4:24 of 3rd period - Shot by Cam Fowler.
4:24 of 3rd period - Shot Misses the Net.
4:31 of 3rd period - Shot by Cam Fowler.
4:31 of 3rd period - Stopped by Sergei Bobrovsky without a rebound.
4:32 of 3rd period - Tomas Plekanec wins face-off versus Auston Matthews in Bruins zone.
5:01 of 3rd period - Shot by Auston Matthews.
5:01 of 3rd period - Stopped by Sergei Bobrovsky without a rebound.
5:02 of 3rd period - Tomas Plekanec wins face-off versus John Tavares in Bruins zone.
5:31 of 3rd period - Off-side.
5:32 of 3rd period - Jamie Benn wins face-off versus Zack Smith in neutral zone.
5:38 of 3rd period - Shot by Zack Smith.
5:38 of 3rd period - Goal by Zack Smith - Bruins : 2 - Canadiens : 3.
5:39 of 3rd period - Jamie Benn wins face-off versus Zack Smith in neutral zone.
5:53 of 3rd period - Justin Abdelkader and Jamie Benn fight to a draw.
5:53 of 3rd period - Penalty to Justin Abdelkader for Fighting.
5:53 of 3rd period - Penalty to Jamie Benn for Fighting.
5:54 of 3rd period - Johan Larsson wins face-off versus Auston Matthews in Bruins zone.
6:19 of 3rd period - Shot by Nino Niederreiter.
6:19 of 3rd period - Deflect By Jake Debrusk.
6:19 of 3rd period - Stopped by Tuukka Rask with a rebound.
6:31 of 3rd period - Torey Krug is hit by Auston Matthews and loses puck.
6:32 of 3rd period - Torey Krug from Bruins is injured at 6:32 of 3rd period (Sprained Left Knee).
6:33 of 3rd period - Tomas Plekanec wins face-off versus John Tavares in Bruins zone.
6:57 of 3rd period - Jakob Silfverberg is hit by Victor Hedman and loses puck.
7:30 of 3rd period - Shot by Zack Smith.
7:30 of 3rd period - Stopped by Sergei Bobrovsky without a rebound.
7:31 of 3rd period - Matt Calvert wins face-off versus Jake Debrusk in Bruins zone.
7:38 of 3rd period - Shot by Matt Calvert.
7:38 of 3rd period - Deflect By Brian Gibbons.
7:38 of 3rd period - Stopped by Sergei Bobrovsky without a rebound.
7:39 of 3rd period - Auston Matthews wins face-off versus Jake Debrusk in Bruins zone.
7:39 of 3rd period - Marcus Johansson is hit by Jonas Brodin and loses puck.
8:04 of 3rd period - Marcus Johansson is hit by Nick Schmaltz and loses puck.
8:17 of 3rd period - Shot by Nick Schmaltz.
8:17 of 3rd period - Shot Blocked by Josh Morrissey.
9:05 of 3rd period - Off-side.
9:06 of 3rd period - Tomas Plekanec wins face-off versus Nick Shore in neutral zone.
9:22 of 3rd period - Icing by P.K. Subban.
9:23 of 3rd period - John Tavares wins face-off versus Tomas Plekanec in Bruins zone.
9:32 of 3rd period - Shot by Teuvo Teravainen.
9:32 of 3rd period - Stopped by Sergei Bobrovsky without a rebound.
9:33 of 3rd period - Nick Shore wins face-off versus Joel Eriksson Ek in Bruins zone.
9:44 of 3rd period - Shot by Brian Gibbons.
9:44 of 3rd period - Stopped by Sergei Bobrovsky without a rebound.
9:45 of 3rd period - Marcus Johansson wins face-off versus Ryan Spooner in Bruins zone.
10:26 of 3rd period - Shot by Jordan Eberle.
10:26 of 3rd period - Stopped by Sergei Bobrovsky with a rebound.
10:50 of 3rd period - Icing by P.K. Subban.
10:51 of 3rd period - Zack Smith wins face-off versus Tomas Plekanec in Bruins zone.
10:52 of 3rd period - Shot by John Tavares.
10:52 of 3rd period - Deflect By Artturi Lehkonen.
10:52 of 3rd period - Stopped by Sergei Bobrovsky without a rebound.
10:53 of 3rd period - Zack Smith wins face-off versus Johan Larsson in Bruins zone.
10:54 of 3rd period - Shot by Artturi Lehkonen.
10:54 of 3rd period - Shot Misses the Net.
11:21 of 3rd period - Nino Niederreiter is hit by Justin Abdelkader.
12:27 of 3rd period - Shot by Auston Matthews.
12:27 of 3rd period - Shot Blocked by Markus Granlund.
12:49 of 3rd period - Shot by Markus Granlund.
12:49 of 3rd period - Deflect By Kevin Fiala.
12:49 of 3rd period - Shot Misses the Net.
12:51 of 3rd period - Shot by Markus Granlund.
12:51 of 3rd period - Stopped by Tuukka Rask without a rebound.
12:52 of 3rd period - Tomas Plekanec wins face-off versus John Tavares in Canadiens zone.
12:55 of 3rd period - Shot by Ryan Spooner.
12:55 of 3rd period - Goal by Ryan Spooner - Bruins : 3 - Canadiens : 3.
12:56 of 3rd period - John Tavares wins face-off versus Brock Boeser in neutral zone.
13:35 of 3rd period - Shot by Teuvo Teravainen.
13:35 of 3rd period - Stopped by Sergei Bobrovsky without a rebound.
13:36 of 3rd period - Jamie Benn wins face-off versus Nick Shore in Bruins zone.
13:40 of 3rd period - Icing by Victor Hedman.
13:41 of 3rd period - Jamie Benn wins face-off versus Auston Matthews in Bruins zone.
14:00 of 3rd period - Shot by Jamie Benn.
14:00 of 3rd period - Shot Blocked by Josh Morrissey.
14:10 of 3rd period - Nick Schmaltz is hit by Jordan Eberle and loses puck.
14:17 of 3rd period - Shot by Jordan Eberle.
14:17 of 3rd period - Shot Misses the Net.
14:22 of 3rd period - Marcus Johansson is hit by P.K. Subban and loses puck.
14:38 of 3rd period - Icing by Ivan Provorov.
14:39 of 3rd period - John Tavares wins face-off versus Tomas Plekanec in Canadiens zone.
14:46 of 3rd period - Shot by John Tavares.
14:46 of 3rd period - Stopped by Sergei Bobrovsky without a rebound.
14:47 of 3rd period - Nick Shore wins face-off versus Tomas Plekanec in Bruins zone.
16:02 of 3rd period - Icing by Teuvo Teravainen.
16:03 of 3rd period - John Tavares wins face-off versus Jamie Benn in Canadiens zone.
16:10 of 3rd period - Shot by Jakob Silfverberg.
16:10 of 3rd period - Shot Misses the Net.
16:24 of 3rd period - Shot by Teuvo Teravainen.
16:24 of 3rd period - Stopped by Sergei Bobrovsky without a rebound.
16:25 of 3rd period - Joel Eriksson Ek wins face-off versus Auston Matthews in Bruins zone.
16:25 of 3rd period - Joel Eriksson Ek is hit by Marcus Johansson.
16:46 of 3rd period - Icing by Nate Schmidt.
16:47 of 3rd period - Auston Matthews wins face-off versus Tomas Plekanec in Canadiens zone.
17:55 of 3rd period - Icing by Ron Hainsey.
17:56 of 3rd period - Jamie Benn wins face-off versus Jakob Silfverberg in Canadiens zone.
18:04 of 3rd period - Off-side.
18:05 of 3rd period - Jamie Benn wins face-off versus Zack Smith in neutral zone.
18:59 of 3rd period - Shot by Jake Debrusk.
18:59 of 3rd period - Shot Blocked by Ivan Provorov.
19:13 of 3rd period - Shot by Nino Niederreiter.
19:13 of 3rd period - Stopped by Tuukka Rask without a rebound.
19:14 of 3rd period - Tomas Plekanec wins face-off versus John Tavares in Canadiens zone.
19:17 of 3rd period - Shot by Brock Boeser.
19:17 of 3rd period - Stopped by Tuukka Rask without a rebound.
19:18 of 3rd period - John Tavares wins face-off versus Tomas Plekanec in Canadiens zone.
19:40 of 3rd period - Off-side.
19:41 of 3rd period - Auston Matthews wins face-off versus Johan Larsson in neutral zone.
Goals for this period are 1 for Bruins vs 1 for Canadiens.
Shots for this period are 5 for Bruins vs 14 for Canadiens.

Overtime #1


0:01 of 1st overtime period - John Tavares wins face-off versus Brock Boeser in neutral zone.
0:07 of 1st overtime period - John Tavares is hit by P.K. Subban and loses puck.
0:17 of 1st overtime period - Jakob Silfverberg is hit by P.K. Subban and loses puck.
0:32 of 1st overtime period - Shot by John Tavares.
0:32 of 1st overtime period - Goal by John Tavares - Bruins : 3 - Canadiens : 4.
Goals for this period are 0 for Bruins vs 1 for Canadiens.
Shots for this period are 0 for Bruins vs 1 for Canadiens.